[Event "Israel-ch Youth U8-18 2024"]
[Site "Kfar Saba"]
[Date "2024.04.21"]
[Round "7.1"]
[White "Levin, Guy"]
[Black "Rozen, Eytan"]
[Result "1/2-1/2"]
[ECO "A30"]
[WhiteElo "2451"]
[BlackElo "2499"]
[Annotator "TA"]
[PlyCount "109"]
[EventDate "2024.04.10"]
[EventType "swiss"]
[EventCountry "ISR"]
[SourceTitle "playchess.com"]
[Source "ChessBase"]
[SourceQuality "1"]
[TimeControl "5400+30"]

1. Nf3 c5 2. e3 Nf6 3. c4 g6 4. b3 Bg7 5. Bb2 O-O 6. Nc3 Nc6 7. Be2 e5 8. O-O {[%emt 0:16:49] A30: Symmetrical English: Double Fianchetto and Hedgehog.} d5 9. cxd5 Nxd5 10. Rc1 b6 11. Nxd5 $146 ({Predecessor:} 11. a3 Bb7 12. Qc2 Rc8 13. Qb1 Re8 14. Rfd1 Nxc3 15. Bxc3 e4 16. Ne1 Qe7 17. Bxg7 Kxg7 {1-0 Krejci,J (2578)-Vyskocil,N (2304) Pardubice Czech op-A 30th 2019 (4)}) 11... Qxd5 12. d4 cxd4 (12... exd4 $15 13. Nxd4 Nxd4 (13... cxd4 14. Bf3 $14) 14. exd4 Rb8 (14... Bxd4 $2 15. Bf3 $18)) 13. Nxd4 Nxd4 ({Much worse is} 13... exd4 $6 14. Bf3 Qg5 15. exd4 $14 (15. Rxc6 Ba6 $11) (15. Bxc6 Rb8 $14)) 14. Bxd4 exd4 15. Bf3 Qa5 16. Bxa8 Ba6 $1 17. Qf3 (17. b4 $2 Qxb4 18. Bd5 Bxf1 19. Qxf1 dxe3 20. fxe3 Qe7 $17) 17... Bxf1 18. Rxf1 Qxa2 19. exd4 $1 Bxd4 20. Bd5 Qb2 21. g3 Kg7 22. Re1 Bc5 23. Bc4 Qf6 24. Qxf6+ Kxf6 25. Rd1 Ke7 26. Bb5 Bd6 27. Re1+ Kd8 28. Ra1 a5 29. Rd1 Ke7 30. Re1+ Kf6 31. Re8 (31. Rd1 $15 Rd8 32. h4) 31... Rxe8 $17 32. Bxe8 Bc5 33. Kf1 Ke6 34. Ke2 f6 35. h4 Ke5 36. h5 gxh5 37. Bxh5 Kd4 38. g4 Kc3 39. Bf7 Kd4 ({Black should play} 39... b5 $17 40. Bg8 h6) 40. Be8 ({White should try} 40. Bh5 $1 $11) 40... Bb4 41. f3 Kc3 42. Bf7 $1 Bc5 43. f4 {[%emt 0:01:12] [#]} (43. Bd5 $15) 43... h6 $1 $17 44. Kf3 Kd3 (44... b5 $142 45. Ke4 Ba3) 45. Bg6+ Kd4 46. Be8 Ba3 47. Bd7 Bf8 48. Be8 (48. Be6 $142) 48... Kc3 $19 49. Bf7 {[%emt 0:00:02] [#]} h5 $2 ({Better is} 49... b5 $1 $19 {[%mdl 512] aiming for ...Bc5.} 50. Ke3 (50. Ke4 Ba3) 50... Ba3) 50. gxh5 $11 f5 51. Be6 b5 52. Kg3 Bh6 53. Kf3 Bg7 54. Kg3 Bh6 55. Kf3 1/2-1/2

[Event "Israel-ch Youth U8-18 2024"]
[Site "Kfar Saba"]
[Date "2024.04.21"]
[Round "7.2"]
[White "Michaeli, Omri"]
[Black "Sokolovsky, Yahli"]
[Result "1-0"]
[ECO "E90"]
[WhiteElo "2031"]
[BlackElo "2490"]
[Annotator "TA"]
[PlyCount "79"]
[EventDate "2024.04.10"]
[EventType "swiss"]
[EventCountry "ISR"]
[SourceTitle "playchess.com"]
[Source "ChessBase"]
[SourceQuality "1"]
[TimeControl "5400+30"]

1. d4 Nf6 2. c4 g6 3. Nc3 Bg7 4. e4 d6 5. Nf3 Bg4 6. Be2 Bxf3 7. Bxf3 {[%emt 0:01:37] Black must now prevent e5.} e5 8. dxe5 dxe5 9. Qxd8+ Kxd8 {[%emt 0:00:05] White is slightly better.} 10. Be3 c6 11. O-O-O+ Nbd7 12. g4 h6 13. h4 Nh7 14. g5 {[%emt 0:03:15] White is much more active. Black is weak on the light squares} h5 {[%emt 0:02:33] Inhibits Bg4.} 15. Bg2 {[%emt 0:05:47] Threatens to win with Bh3.} Ke7 $1 16. c5 (16. Bh3 $16 Rhd8 17. Na4) 16... Rhd8 (16... Nhf8 $11) 17. Bh3 $16 Ke8 18. a3 Ndf8 19. b4 (19. Rd6 $16) 19... Rxd1+ (19... Ke7 $14) 20. Nxd1 Ke7 21. Nb2 Ne6 22. Nc4 Rc8 $2 {[%emt 0:02:34] [#]} (22... f6 $14) 23. Rd1 (23. f4 $1 $18 {[%cal Rf4f5] f5 would now be deadly.} Rd8 24. f5 (24. fxe5 Nhf8 $16) (24. Nxe5 Bxe5 25. fxe5 Rd3 $17)) 23... Rc7 24. Rd6 $36 {[%emt 0:01:39][%mdl 2048] Black is under strong pressure.} Nhf8 25. Kc2 f6 26. Kd3 (26. a4 {simplifies} Rd7 27. Rxd7+ Nxd7 28. Na5) 26... fxg5 (26... Rd7 $16) 27. Bxg5+ $18 ({Resist} 27. hxg5 $6 Rd7 $16) 27... Bf6 $2 (27... Nxg5 28. hxg5 Kf7) 28. Bxe6 (28. Nxe5 $2 {is the wrong capture.} Nxg5 29. Nxg6+ Nxg6 $19) 28... Nxe6 29. Nxe5 Nxg5 30. Nxg6+ Kf7 31. hxg5 Bxg5 {[%emt 0:00:10][%mdl 4096] Endgame. KRB-KRN} 32. f4 Bh6 33. e5 b6 34. Ke4 bxc5 35. bxc5 Kg7 36. Nh4 {[%emt 0:03:23] White threatens Nf5+ and mate.} Kh7 37. Nf5 Bf8 {[%emt 0:00:09] [#]} 38. e6 $1 Rc8 39. e7 Bxe7 40. Rh6+ {[%emt 0:00:08] Weighted Error Value: White=0.19 (very precise) /Black=0.61.  Loses game:     	---       	Black=1      Mistake:       	White=3     	Black=4      Inaccurate:     	White=1     	Black=1      OK:         	White=9     	Black=4      Best:        	White=3     	Black=1      Strong:       	---       	Black=1} 1-0

[Event "Israel-ch Youth U8-18 2024"]
[Site "Kfar Saba"]
[Date "2024.04.21"]
[Round "7.3"]
[White "Aizenberg, Benny"]
[Black "Pelech, Roee"]
[Result "0-1"]
[ECO "C45"]
[WhiteElo "2409"]
[BlackElo "2215"]
[Annotator "TA"]
[PlyCount "142"]
[EventDate "2024.04.10"]
[EventType "swiss"]
[EventCountry "ISR"]
[SourceTitle "playchess.com"]
[Source "ChessBase"]
[SourceQuality "1"]
[TimeControl "5400+30"]

1. e4 e5 2. Nf3 Nc6 3. d4 exd4 4. Nxd4 Qf6 5. Nf3 h6 6. Bc4 {[%emt 0:02:30] C45: Scotch Game.} Bb4+ 7. c3 Bc5 8. O-O {[%emt 0:01:01][%cal Oe4e5] With the idea e5!} Nge7 9. b4 $146 ({Predecessor:} 9. a4 a5 10. Na3 Bxa3 11. Rxa3 O-O 12. Re1 d6 13. h3 Ng6 14. Bf1 Be6 15. Nd4 {1-0 Krysa,L (2541)-Nurgaliyeva,Z (1895) Titled Tuesday intern op 11th Apr Early blitz 2023 (6)}) 9... Bd6 10. Qc2 Ng6 11. Be3 O-O 12. b5 Nce5 13. Nxe5 Bxe5 14. g3 d5 $1 15. exd5 (15. Bxd5 Bh3 16. f4 Bxf1 17. Kxf1 Rfd8 $17) 15... Bh3 16. Nd2 $2 {[%emt 0:01:19] Repels Qf3} (16. f4 $1 $11 Bxf1 17. Bxf1) 16... Bxc3 $19 17. Rae1 (17. Ne4 {leads to mate.} Qf3 (17... Bxa1 $2 {too greedy.} 18. Nxf6+ Bxf6 19. d6 $18) (17... Bxa1 $2 {is the wrong capture.} 18. Nxf6+ Bxf6 19. d6 $18)) 17... Bxd2 18. Bxd2 Qf3 19. Qe4 Qxe4 20. Rxe4 Bxf1 21. Bxf1 Rfd8 22. Rd4 Ne7 23. Bg2 {[%emt 0:05:53] [#]} Nxd5 $1 24. Bxd5 {[%emt 0:06:51] [#] aiming for Be3.} c6 $1 25. bxc6 bxc6 26. Bxf7+ Kxf7 27. Rf4+ Kg8 28. Be3 a5 29. Rc4 Ra6 30. Kg2 a4 31. a3 (31. Kf3 {keeps fighting.}) 31... Rd3 $19 32. Bc5 Kf7 33. h4 h5 34. Bb4 Ke6 35. g4 g6 36. f3 Rb3 {[%emt 0:05:07] ...Kd5 is the strong threat.} 37. gxh5 gxh5 38. Kg3 Kd5 39. Rf4 Ra8 40. Rf5+ Kd4 41. Be7 Rb5 42. Rf4+ Kd3 43. Rf6 Re8 44. Rd6+ Rd5 45. Rxd5+ cxd5 46. Bb4 Ke3 47. Bc5+ d4 48. f4 Rg8+ 49. Kh2 Ke4 50. f5 Kxf5 51. Bxd4 Ke4 52. Bc5 Rg4 53. Kh3 Kd5 54. Be7 Kc4 55. Bf8 Kb3 56. Be7 Ka2 57. Bb4 Kb2 58. Bd6 Kc2 59. Be7 Kb3 60. Bc5 Rc4 61. Be7 Rc3+ 62. Kg2 Ka2 63. Kf2 Rxa3 64. Ke2 Rc3 65. Kd1 a3 66. Kd2 Rc7 67. Bf6 Kb1 68. Ke3 Rc4 69. Kd3 Rg4 70. Kc3 a2 71. Kb3 Rg3+ 0-1

[Event "Israel-ch Youth U8-18 2024"]
[Site "Kfar Saba"]
[Date "2024.04.21"]
[Round "7.4"]
[White "Medovoy, Yaniv"]
[Black "Menahem, Adi"]
[Result "1/2-1/2"]
[ECO "B30"]
[WhiteElo "2009"]
[BlackElo "2112"]
[Annotator "TA"]
[PlyCount "72"]
[EventDate "2024.04.10"]
[EventType "swiss"]
[EventCountry "ISR"]
[SourceTitle "playchess.com"]
[Source "ChessBase"]
[SourceQuality "1"]
[TimeControl "5400+30"]

1. e4 c5 2. Nc3 Nc6 3. Nf3 e5 4. Bc4 g6 5. h4 h6 6. d3 Bg7 7. Be3 d6 8. Qd2 Nge7 9. Ng1 Nd4 10. Nge2 a6 11. a4 Bg4 12. Bxd4 cxd4 13. Nd5 Be6 14. Ng3 (14. Nxe7 $11 Qxe7 15. Bxe6 fxe6 16. h5) 14... h5 $15 15. Qb4 Bxd5 (15... O-O $15) 16. Bxd5 (16. exd5 $11 f5 17. Qxb7) 16... Rb8 17. Bc4 Bh6 18. Ne2 O-O 19. Qb3 $2 {[%emt 0:00:21] [#]} (19. Kf1 $15) 19... Nc6 $2 ({Better is} 19... Qa5+ $1 $19 20. c3 b5 21. Bxf7+ Rxf7) 20. Bd5 Qa5+ 21. c3 dxc3 (21... Ne7 {simplifies} 22. O-O Nxd5 23. Qxd5 Qxd5 24. exd5 Rfc8) 22. bxc3 Nd4 23. Nxd4 (23. Qb2 {simplifies} Ne6 24. O-O Nc7 25. Bb3) 23... exd4 24. Qb4 (24. Bxb7 $2 {is the wrong capture.} dxc3 25. O-O Qc7 $19) 24... Qxb4 25. cxb4 Rfc8 26. O-O Rc2 27. b5 axb5 ({Black should try} 27... Bd2 $14) 28. axb5 $16 Rc3 29. Rfd1 Rc5 30. b6 Rb5 31. Rdb1 Rxb1+ 32. Rxb1 Bd2 33. Ra1 (33. Rb5 $142) 33... Bb4 34. Ra7 {[%emt 0:03:52] White is more active.} (34. f4 $14) 34... Bc5 $11 {[%emt 0:00:19] The position is equal.} 35. Rxb7 Rxb7 36. Bxb7 Bxb6 {[%emt 0:00:05] Weighted Error Value: White=0.31/Black=0.24 (precise) .  Loses game:     	White=1     	---        Missed win:     	---       	Black=1      Mistake:       	White=4     	Black=2      Inaccurate:     	White=1     	Black=2      OK:         	White=8     	Black=8      Best:        	White=1     	Black=4} 1/2-1/2

[Event "Israel-ch Youth U8-18 2024"]
[Site "Kfar Saba"]
[Date "2024.04.21"]
[Round "7.5"]
[White "Leib, Yoni"]
[Black "Uritsky, Yonathan"]
[Result "1/2-1/2"]
[ECO "A49"]
[WhiteElo "1972"]
[BlackElo "2231"]
[Annotator "TA"]
[PlyCount "104"]
[EventDate "2024.04.10"]
[EventType "swiss"]
[EventCountry "ISR"]
[SourceTitle "playchess.com"]
[Source "ChessBase"]
[SourceQuality "1"]
[TimeControl "5400+30"]

1. Nf3 Nf6 2. b3 g6 3. g3 Bg7 4. Bb2 d6 5. d4 c5 6. Bg2 cxd4 7. Nxd4 h5 8. Nf3 d5 9. c4 O-O 10. cxd5 Qxd5 11. Qxd5 Nxd5 12. Bxg7 Kxg7 13. O-O Nc6 14. Rd1 Be6 15. Ng5 Rfd8 16. Bxd5 Nb4 17. Nc3 Bxd5 18. a3 (18. Nxd5 $11 Nxd5 19. Rac1) 18... Nc2 $15 19. Ra2 Bxb3 20. Rxd8 Rxd8 21. Rb2 Nd4 (21... Na1 $1 $15 22. Rb1 Rc8) 22. e3 $1 $11 Rc8 (22... Ne6 $1 $11 23. Rxb3 Nxg5 24. Rxb7 Rc8) 23. Nge4 $1 $16 Nf3+ {[%emt 0:07:29] [#]} 24. Kg2 $1 f5 (24... Ne1+ $2 25. Kf1 Nf3 26. Rxb3 $18) 25. Rxb3 fxe4 26. Nxe4 {[%emt 0:00:00][%mdl 4096] Endgame. KRN-KRN} Ne1+ 27. Kf1 Rc4 (27... Nf3 $16 {was worth a try.}) 28. Kxe1 Rxe4 29. Rxb7 $18 {[%emt 0:00:00] KR-KR} Ra4 30. Rxe7+ Kf6 31. Rc7 Rxa3 32. Ke2 {[%emt 0:00:00] White is more active.} (32. Rc6+ $16 Kf7 33. h4) 32... a5 $2 (32... Ra2+ $14 33. Kf1 g5) 33. Kf3 a4 34. Rc6+ Kf5 35. h4 ({White should try} 35. Ra6) 35... Rb3 $16 36. Ra6 a3 37. Ra5+ Kf6 38. Ra6+ Kf5 $1 39. Ra5+ Kf6 $1 40. g4 ({White should play} 40. Kf4 $16 {Black must now prevent e4.} Rb2 41. Rxa3 Rxf2+ 42. Ke4) 40... hxg4+ $11 41. Kxg4 {[%emt 0:00:00] Hoping for e4.} Rb2 42. Ra6+ Ke5 (42... Kf7 $11) 43. f4+ $16 ({Reject} 43. Rxa3 Rxf2 44. Ra5+ Kf6 $11) 43... Ke4 {[%emt 0:00:31] [#]} 44. Ra4+ $1 ({But not} 44. Rxa3 Rg2+ 45. Kh3 Rg1 $11) 44... Kxe3 45. Rxa3+ Ke4 46. Ra4+ Ke3 $2 (46... Kd5 $16) 47. Kg5 $2 ({White must play} 47. h5 $18 gxh5+ 48. Kxh5) 47... Rg2+ $11 {[%emt 0:00:18] The position is equal.} 48. Kh6 {[%emt 0:00:00] And now h5 would win.} (48. Kf6 $5) 48... Rg4 49. Ra3+ Kxf4 50. Ra4+ Kg3 51. Rxg4+ Kxg4 52. Kxg6 {[%emt 0:00:00] White threatens h5 and mate.} Kxh4 {[%emt 0:01:21] Weighted Error Value: White=0.22 (precise) /Black=0.24 (precise) .  Loses game:     	---       	Black=2      Missed win:     	White=1     	---        Mistake:       	White=4     	Black=4      Inaccurate:     	White=2     	Black=1      OK:         	White=13    	Black=13     Best:        	White=6     	Black=12     Strong:       	White=4     	Black=2} 1/2-1/2

[Event "Israel-ch Youth U8-18 2024"]
[Site "Kfar Saba"]
[Date "2024.04.21"]
[Round "7.6"]
[White "Ribstein, Orel"]
[Black "Ostrovsky Berman, Noam"]
[Result "0-1"]
[ECO "D87"]
[WhiteElo "2020"]
[BlackElo "1990"]
[Annotator "TA"]
[PlyCount "90"]
[EventDate "2024.04.10"]
[EventType "swiss"]
[EventCountry "ISR"]
[SourceTitle "playchess.com"]
[Source "ChessBase"]
[SourceQuality "1"]
[TimeControl "5400+30"]

1. d4 Nf6 2. c4 g6 3. Nc3 d5 4. cxd5 Nxd5 5. e4 Nxc3 6. bxc3 Bg7 7. Bc4 c5 8. Ne2 Nc6 9. Be3 O-O 10. O-O Bg4 11. f3 Bd7 12. Rb1 Qc7 13. Qd2 Rad8 14. Rfc1 b6 15. Qe1 {[%emt 0:00:12] The position is equal.} Na5 16. Bd3 c4 (16... e5 $11) 17. Bc2 $14 e5 18. dxe5 Bxe5 19. f4 Bg7 20. f5 Rfe8 21. Qf2 Nc6 22. Nd4 Ne5 23. h3 {[%emt 0:00:53] Repels Ng4} (23. Bg5 $1 $11) 23... Nd3 $17 24. Bxd3 cxd3 25. f6 Bf8 26. Bf4 Qc4 27. e5 Bc5 28. Kh1 Ba4 29. Qh4 (29. Qg3 $15) 29... Rxd4 $2 (29... Qxa2 30. Ra1 Qc4 31. e6 $18) (29... d2 $17 30. Bxd2 Rxe5) 30. cxd4 $14 Qxd4 {[%emt 0:00:03] [#] ...Bc2 is the strong threat.} 31. Rxc5 Qxc5 (31... bxc5 32. Qh6) 32. Bd2 ({Much weaker is} 32. Qh6 Qf8 $15) 32... Bd7 33. Bb4 (33. Qh6 $5 Qf8 $8 34. Qf4 $16) 33... Qxe5 {[%emt 0:01:04] Threatens to win with ...h5.} 34. Re1 Qh5 35. Rxe8+ Bxe8 $11 {[%emt 0:00:02][%mdl 4096] Endgame. KQB-KQB} 36. Qe4 (36. Qf4 $11 {keeps the balance.} a5 37. Ba3) 36... Qe2 $17 37. Qf4 {[%emt 0:01:05] [#] Qh6 would kill now.} Bc6 $2 (37... Qxa2 38. Qd6 Qb1+ 39. Kh2) (37... h5 $1 $17 {[%cal Oe8c6] ...Bc6! would now be deadly.} 38. Qd6 Kh7 (38... Qxa2 39. Qf8+ Kh7 40. Qg7#)) 38. Qb8+ $11 Qe8 39. Qf4 {[%emt 0:00:22] Intending Qh6 and mate.} Qe2 40. Qb8+ Qe8 41. Qd6 (41. Qf4 $1 $11 Qe2) 41... a5 42. Ba3 (42. Bd2 $142) 42... Bb7 $2 (42... h5 $19 {[%cal Oc6d5] White must now prevent ...Bd5!} 43. Qxd3 Qe1+ 44. Kh2 Qf2) 43. Qd4 (43. Qxd3 $17 Qe1+ 44. Kh2 Qe5+ 45. Kg1 Qa1+ (45... Qxf6 46. Qg3 $17) 46. Kh2 Qxf6 47. Qg3) 43... Bc6 $2 ({Black should try} 43... Qa8 $19 44. Qxd3 Bxg2+ 45. Kg1 h5) 44. Be7 $2 (44. Qd6 $11) 44... Qd7 45. Qxb6 Qxh3+ {[%emt 0:01:20] Weighted Error Value: White=0.50/Black=0.36.  Loses game:     	White=2     	---        Missed win:     	---       	Black=2      Mistake:       	White=5     	Black=3      Inaccurate:     	White=2     	Black=2      OK:         	White=5     	Black=7      Best:        	White=5     	Black=5      Brilliant:      	White=1     	---} 0-1

[Event "Israel-ch Youth U8-18 2024"]
[Site "Kfar Saba"]
[Date "2024.04.21"]
[Round "7.7"]
[White "Zakin, Ilay"]
[Black "Afek, Itay"]
[Result "1-0"]
[ECO "B11"]
[WhiteElo "2178"]
[BlackElo "1816"]
[Annotator "TA"]
[PlyCount "51"]
[EventDate "2024.04.10"]
[EventType "swiss"]
[EventCountry "ISR"]
[SourceTitle "playchess.com"]
[Source "ChessBase"]
[SourceQuality "1"]
[TimeControl "5400+30"]

1. e4 c6 2. Nc3 d5 3. Nf3 dxe4 4. Nxe4 Nf6 5. Qe2 Nxe4 6. Qxe4 Nd7 7. Bc4 {[%emt 0:00:07] Ng5 would now be deadly.} Qc7 8. Ng5 Ne5 {[%emt 0:00:10] And now ...Nxc4 would win. White is slightly better.} 9. Bb3 {[%emt 0:00:52][%cal Od2d4] White has more active pieces.} h6 10. d4 $1 hxg5 11. dxe5 Rh4 {[%emt 0:00:18] [#]} 12. Qe2 Bf5 {[%emt 0:00:33] [#]} (12... Bg4 $2 13. f3 Be6 14. Bxg5 $18) 13. f3 $1 {[%emt 0:20:10][%cal Og2g4] Hoping for g4!} (13. Bxg5 Re4 14. Be3 Bg4 $11) 13... O-O-O (13... g4 $16) 14. g4 $18 (14. Bxf7 e6 15. Bxg5 Rd5 $19) 14... Bg6 15. Bxg5 Rh3 16. O-O {[%emt 0:05:42] aiming for Rad1.} Rd4 (16... e6 {is a better chance.} 17. Kg2 (17. Bxd8 Qxd8 18. Kg2 Qh4 $18) 17... Rh8 18. Bxd8 Qxd8) 17. Rad1 Rxd1 18. Rxd1 e6 19. Rd8+ Qxd8 20. Bxd8 {[%emt 0:00:07] White is clearly winning.} Kxd8 21. Kg2 Rh8 22. Qe3 Be7 23. Qxa7 Kc7 {[%emt 0:00:19] Prevents Qb8+} 24. a4 Rd8 25. a5 Bg5 26. Qb6+ {[%emt 0:00:52] Black got outplayed after the opening.   Weighted Error Value: White=0.30/Black=0.51.  Mistake:       	---       	Black=2      Inaccurate:     	---       	Black=2      OK:         	White=7     	Black=5      Strong:       	White=2     	---} 1-0

[Event "Israel-ch Youth U8-18 2024"]
[Site "Kfar Saba"]
[Date "2024.04.21"]
[Round "7.8"]
[White "Birka, Elia"]
[Black "Shefer, Uri"]
[Result "0-1"]
[ECO "B50"]
[WhiteElo "1954"]
[BlackElo "1991"]
[Annotator "TA"]
[PlyCount "46"]
[EventDate "2024.04.10"]
[EventType "swiss"]
[EventCountry "ISR"]
[SourceTitle "playchess.com"]
[Source "ChessBase"]
[SourceQuality "1"]
[TimeControl "5400+30"]

1. e4 c5 2. Nf3 d6 3. Nc3 Nf6 4. e5 dxe5 5. Nxe5 a6 6. a4 Nbd7 7. Nc4 g6 8. d4 Bg7 {[%emt 0:03:08] White is slightly better.} 9. dxc5 O-O 10. Be3 Qc7 11. b4 (11. Qd4 $14) 11... Rd8 $11 12. Qe2 {[%emt 0:14:58] [#]} (12. Qc1 $11 {remains equal.}) 12... Nf8 ({Black should try} 12... Ne5 $1 $17 {Hoping for ...Bg4.} 13. Nb6 Rb8) 13. Nb6 Rb8 14. Rd1 Bg4 (14... Bf5 $1 $15) 15. f3 Be6 (15... Bf5 $5) 16. g3 (16. Bd4 $14 {might be stronger.}) 16... Rxd1+ 17. Nxd1 {[%emt 0:04:41] [#] Black must now prevent Bf4.} ({Much worse is} 17. Qxd1 Rd8 18. Qe2 N8d7 $17) 17... Rd8 18. Bg2 Nd5 {[%emt 0:02:42] Prevents Bf4.} 19. Nxd5 Bxd5 20. O-O a5 21. c3 Bb3 {[%emt 0:03:36] Threatens to win with ...Qe5.} 22. Nb2 ({White should play} 22. Nf2 $15) 22... Bxc3 $17 {[%emt 0:01:14] Black is more active.} 23. Rc1 $2 (23. b5 $17) 23... axb4 {[%emt 0:23:51] Weighted Error Value: White=0.49/Black=0.15 (very precise) .  Loses game:     	White=1     	---        Mistake:       	White=4     	Black=2      Inaccurate:     	White=1     	Black=2      OK:         	White=4     	Black=9      Best:        	White=1     	Black=3} ({Not} 23... Bxb4 24. Nd3 $19) 0-1

[Event "Israel-ch Youth U8-18 2024"]
[Site "Kfar Saba"]
[Date "2024.04.21"]
[Round "7.9"]
[White "Magen, Ofek"]
[Black "Sternfeld, Tomer"]
[Result "1-0"]
[ECO "D24"]
[WhiteElo "1936"]
[BlackElo "1866"]
[Annotator "TA"]
[PlyCount "101"]
[EventDate "2024.04.10"]
[EventType "swiss"]
[EventCountry "ISR"]
[SourceTitle "playchess.com"]
[Source "ChessBase"]
[SourceQuality "1"]
[TimeControl "5400+30"]

1. d4 Nf6 2. c4 e6 3. Nf3 d5 4. Nc3 dxc4 5. e4 b5 6. e5 Nd5 7. Nxb5 Nb6 8. Be2 {[%emt 0:00:45] White is slightly better.} Nc6 9. O-O Be7 10. Be3 O-O 11. Rc1 (11. Nc3 $14) 11... Bb7 12. Re1 Rb8 13. h3 (13. Bxc4 $2 Nxc4 14. Rxc4 Na5 15. Rxc7 Bxf3 16. Qxf3 Rxb5 $17) 13... Qd7 14. Nc3 Nb4 15. Nd2 Nd3 16. Bxd3 cxd3 17. Nde4 Ba6 (17... Nc4 $11) 18. b3 $16 Kh8 19. Qh5 (19. Nc5 {simplifies} Bxc5 20. dxc5 Nd5 21. Nxd5 Qxd5 22. c6) 19... f5 20. exf6 gxf6 21. Red1 {[%emt 0:14:25] White is more active.} Qe8 22. Qxe8 Rbxe8 23. Bf4 (23. Nc5 $16 Bxc5 24. dxc5) 23... Ba3 $11 24. Rb1 e5 (24... Nd5 $11 25. Nxd5 exd5) 25. dxe5 $16 fxe5 26. Bg5 (26. Bh6 $142 {[%cal Ob3b4] b4! is the strong threat.} Rf7 27. b4) 26... Bb4 27. Be3 Rf7 28. Rbc1 Ba3 29. Rb1 {[%emt 0:00:04] Threatens to win with Bc5.} Bb4 30. Na4 {[%emt 0:01:08] Excellent horsemanship.} Nd5 31. Nac5 Bxc5 32. Nxc5 Bc8 ({Not} 32... Nxe3 $2 33. fxe3 Rf6 34. Nxd3 $18) 33. Rxd3 (33. Nxd3 $16 Rg7 (33... Nc3 $2 34. Nxe5 Rf6 35. Bd4 $18) 34. Rbc1 (34. Bxa7 Nc3 $11)) 33... Bf5 $11 {[%emt 0:00:31] [#]} 34. Rxd5 Bxb1 35. a3 a5 36. Bd2 Rfe7 {[%emt 0:01:01] White stays focused until the end.} ({Better is} 36... Rf6 $14) 37. Bxa5 $16 e4 38. Bc3+ Kg8 39. Rg5+ Kf7 (39... Kf8 $16 {might work better.}) 40. Rg7+ $18 Kf8 41. Nd7+ Rxd7 42. Rxd7 {[%emt 0:00:03][%mdl 4096] Endgame. KRB-KRB} e3 43. fxe3 Rxe3 44. Rxc7 Ke8 45. b4 Be4 46. Kf2 {[%emt 0:00:33] Prevents Re2+} Rd3 47. Rc5 Kd7 48. Rc4 Bd5 49. Rd4 Rxc3 {[%emt 0:00:10] [#]} (49... Rxd4 50. Bxd4 Bc6) 50. Rxd5+ Ke6 51. Ra5 {[%emt 0:08:00] Weighted Error Value: White=0.14 (very precise) /Black=0.31.  Mistake:       	White=4     	Black=5      Inaccurate:     	White=2     	Black=5      OK:         	White=16    	Black=14     Best:        	White=8     	Black=2} 1-0

[Event "Israel-ch Youth U8-18 2024"]
[Site "Kfar Saba"]
[Date "2024.04.21"]
[Round "7.10"]
[White "Shilon Rahav, Eliran"]
[Black "Gurevich, Neria"]
[Result "1-0"]
[ECO "B30"]
[WhiteElo "2116"]
[BlackElo "1844"]
[Annotator "TA"]
[PlyCount "42"]
[EventDate "2024.04.10"]
[EventType "swiss"]
[EventCountry "ISR"]
[SourceTitle "playchess.com"]
[Source "ChessBase"]
[SourceQuality "1"]
[TimeControl "5400+30"]

1. e4 c5 2. Nc3 Nc6 3. Bb5 Nd4 4. Nf3 e6 5. O-O a6 6. Bd3 Nc6 7. b3 d6 8. Bb2 Nf6 {[%emt 0:01:14] The position is equal.} 9. Re1 Be7 10. e5 dxe5 11. Nxe5 Nxe5 12. Rxe5 O-O 13. Qf3 Re8 (13... Ra7 $14) 14. Rae1 $16 {[%emt 0:06:32] White has more active pieces.} Rb8 {[%emt 0:06:07] [#] A mistake that costs the game.} (14... g6 $16) 15. Rg5 $1 $18 g6 {[%emt 0:03:49] [#]} 16. h4 $1 {[%emt 0:06:22][%cal Oh4h5] aiming for h5!} h6 $2 (16... Nd7) 17. Rg3 {[%emt 0:01:35] White is clearly winning.} Bd6 {[%emt 0:12:47] [#]} (17... b5 $142 18. Ne4 Bb7 19. Nxf6+ Bxf6) 18. Nd5 $1 exd5 (18... Nxd5 19. Bxg6) 19. Rxe8+ Qxe8 20. Qxf6 Qe1+ 21. Bf1 Bf8 {[%emt 0:31:25] Repels Qg7+.   Weighted Error Value: White=0.19 (very precise) /Black=0.76.  Mistake:       	---       	Black=4      Inaccurate:     	---       	Black=2      OK:         	White=5     	Black=2      Best:        	---       	Black=1      Strong:       	White=2     	---} 1-0